 Dungeon Crawl Stone Soup version 0.20.0-7-g3b7b877 (webtiles) character file.

19 Gorglomux the Vexing (level 2, 0/21 HPs)
             Began as a Barachi Enchanter on May 29, 2017.
             Slain by a hobgoblin (2 damage)
             ... on level 1 of the Dungeon.
             The game lasted 00:02:16 (755 turns).

Gorglomux the Vexing (Barachi Enchanter)             Turns: 755, Time: 00:02:17

Health: 0/21       AC:  2    Str:  9    XL:     2   Next: 75%
Magic:  2/5        EV: 13    Int: 15    God:
Gold:   55         SH:  0    Dex: 12    Spells: 2/5 levels left

rFire    . . .     SeeInvis .   a - +1 dagger
rCold    . . .     Gourm    .   (no shield)
rNeg     . . .     Faith    .   b - +0 robe
rPois    .         Spirit   .   (no helmet)
rElec    .         Reflect  .   (no cloak)
rCorr    .         Harm     .   (no gloves)
MR       .....                  (no boots)
Stlth    ++........             (no amulet)
Regen    0.1/turn               (no ring)
MPRegen  0.1/turn               (no ring)

@: can't hop, slow
A: +LOS, swims, slowness 1, strong legs 1
a: Hop


You were on level 1 of the Dungeon.
You were not hungry.

You visited 1 branch of the dungeon, and saw 1 of its levels.

You collected 55 gold pieces.

Inventory:

Hand Weapons
 a - a +1 dagger (weapon)
Armour
 b - a +0 robe (worn)
Scrolls
 g - a scroll of enchant armour {unknown}
Books
 c - a book of Maledictions

   Spells                             Type                      Level
   a - Corona                         Hexes                        1
   b - Ensorcelled Hibernation        Hexes/Ice                    2
   c - Confuse                        Hexes                        3
   d - Tukima's Dance                 Hexes                        3
   e - Dazzling Spray                 Conjuration/Hexes            3
Comestibles
 d - a bread ration
 h - a royal jelly
 i - 2 chunks of flesh


   Skills:
 + Level 1.2 Fighting
 - Level 1.1 Short Blades
 + Level 1.4 Armour
 + Level 2.7 Dodging
 - Level 2.6 Stealth
 - Level 2.1 Spellcasting
 - Level 3.2 Hexes


You had 2 spell levels left.
You knew the following spells:

 Your Spells              Type           Power        Failure   Level  Hunger
a - Corona                Hex            ##.....      5%          1    #......
z - Ensorcelled Hibernat  Hex/Ice        #.....       17%         2    ###....


Dungeon Overview and Level Annotations

Branches:
Dungeon (1/15)

Altars:


Innate Abilities, Weirdness & Mutations

Shadows flee at your approach. (+LOS)
You can swim through water.
You cover ground slowly.
You can hop short distances.


Message History

You are too injured to fight recklessly!
Hop to where?
Press: ? - help, Dir - move target cursor You escape the ball python's grasp.
Boing!
Unknown command.
Cast which spell? (? or * to list)
Aiming: Corona
Press: ? - help, Shift-Dir - straight line, f - hobgoblin
Aim: a hobgoblin (chance to defeat MR: 64%)
The hobgoblin is outlined in light.
The hobgoblin hits you.
* * * LOW HITPOINT WARNING * * *
Unknown command.
Casting: Corona
Confirm with . or Enter, or press ? or * to list all spells.
Aiming: Ensorcelled Hibernation
Press: ? - help, Shift-Dir - straight line, f/p - hobgoblin
Aim: a hobgoblin (softly glowing, chance to defeat MR: 55%)
The hobgoblin resists with significant effort.
The hobgoblin hits you.
You die...

#################
#.......#.......###########
#.......#.......#.........#
###.......#S@.....#.........#
...........g.................
.............................
#.......#.......#.........#
#.......#.......#.........#
#.......#.......#.........#
#.......#.................#
.........#.................#
..........####.........######


You could see a hobgoblin and a ball python.

Vanquished Creatures
  2 dart slugs (D:1)
  A leopard gecko (D:1)
  2 bats (D:1)
  A giant cockroach (D:1)
  2 goblins (D:1)
  2 hobgoblins (D:1)
  A kobold (D:1)
  A frilled lizard (D:1)
  A rat (D:1)
13 creatures vanquished.

Notes
Turn   | Place    | Note
-------+----------+-------------------------------------------
     0 | D:1      | Gorglomux the Barachi Enchanter began the quest for the Orb.
     0 | D:1      | Reached XP level 1. HP: 13/13 MP: 3/3
   195 | D:1      | Reached skill level 1 in Fighting
   195 | D:1      | Reached skill level 1 in Armour
   195 | D:1      | Reached XP level 2. HP: 16/21 MP: 5/5
   742 | D:1      | Learned a level 2 spell: Ensorcelled Hibernation
   755 | D:1      | Slain by a hobgoblin

Skill      XL: |  1 |
---------------+----+-----
Fighting       | 1 |  1.2
Armour         | 1 |  1.4
Short Blades   | |  1.1
Dodging        | |  2.7
Stealth        | |  2.6
Spellcasting   | |  2.1
Hexes          | |  3.2

Action                   || total
-------------------------++-------
Melee: Dagger            ||    80
 Cast: Ensorcelled Hiber ||     1
       Corona            ||     1
 Abil: Hop               ||     2
 Stab: Sleeping          ||     2
Armor: Robe              ||    22
Dodge: Dodged            ||    54
